 Dungeon Crawl Stone Soup version 0.31-a0-521-gc7390f8997 (webtiles) character file.

Game seed: 18193504317568005708

94 javelincjr the Sneak (level 4, -1/27 HPs)
             Began as an Octopode Hedge Wizard on Aug 10, 2023.
             Slain by Ijyb
             ... wielding a +0 club
              (6 damage)
             ... on level 3 of the Dungeon.
             The game lasted 00:04:39 (2282 turns).

javelincjr the Sneak (Octopode Hedge Wizard)        Turns: 2282, Time: 00:04:39

Health: -1/27      AC:  1    Str:  9    XL:     4   Next: 63%
Magic:  5/8        EV: 13    Int: 18    God:
Gold:   113        SH:  0    Dex: 11    Spells: 4/9 levels left

rFire   . . .        a - +0 dagger
rCold   . . .        (no shield)
rNeg    . . .        b - +0 hat
rPois   .            (no amulet)
rElec   .            d - ring of flight
rCorr   .            (no ring)
SInv    .            (no ring)
Will    .....        (no ring)
Stlth   +++          (no ring)
HPRegen 0.24/turn    (no ring)
MPRegen 0.11/turn    (no ring)
                     (no ring)

%: no passive effects
@: flying
A: almost no armour, amphibious, 8 rings, camouflage 1, gelatinous body 1,
(nimble swimmer 1), tentacles
a: no special abilities


You were on level 3 of the Dungeon.
You visited 1 branch of the dungeon, and saw 3 of its levels.

You collected 113 gold pieces.

Inventory:

Hand Weapons
 a - a +0 dagger (weapon)
Armour
 b - a +0 hat (worn)
Jewellery
 d - a ring of flight (left tentacle)
 l - an amulet of guardian spirit
Scrolls
 e - 2 scrolls of enchant armour {unknown}
 g - 3 scrolls of identify {unknown}
 i - a scroll of revelation {unknown}
 j - 3 scrolls of immolation {unknown}
 m - a scroll of blinking {unknown}
Potions
 c - a potion of magic
 f - a potion of mutation {unknown}
 h - a potion of attraction {unknown}
 k - a potion of curing {unknown}


   Skills:
 + Level 2.6 Dodging
 + Level 3.6 Stealth
 + Level 3.3 Spellcasting
 + Level 2.0 Conjurations
 + Level 1.9 Summonings
 + Level 1.7 Translocations


You had 4 spell levels left.
You knew the following spells:

 Your Spells              Type           Power      Damage    Failure   Level
a - Magic Dart            Conj           40%        1d5       7%          1
b - Blink                 Tloc           18%        N/A       12%         2
c - Call Imp              Summ           18%        N/A       11%         2

Your spell library contained the following spells:

 Spells                   Type           Power      Damage    Failure   Level
 Lesser Beckoning         Tloc           18%        N/A       12%         2
 Slow                     Hex            8%         N/A       16%         1
 Cigotuvi's Dreadful Rot  Necr/Pois/Air  4%         N/A       24%         2
 Gell's Gravitas          Tloc           9%         N/A       24%         3
 Teleport Other           Tloc           9%         N/A       24%         3
 Mephitic Cloud           Conj/Pois/Air  5%         N/A       34%         3


Dungeon Overview and Level Annotations

Branches:
Dungeon (3/15)

Altars:

Annotations:
D:3 Ijyb


Innate Abilities, Weirdness & Mutations

You cannot wear most types of armour.
You are amphibious.
You can wear up to eight rings at the same time.
Your skin changes colour to match your surroundings (Stealth+).
Your rubbery body absorbs attacks. (AC +1, EV +1)
((You are camouflaged when in or above water. (Stealth+)))
You have tentacles for arms and can constrict up to eight enemies at once.


Message History

You barely miss Ijyb. Your grab misses Ijyb. Your squeeze misses Ijyb.
Ijyb hits you with a +0 club.
You hit Ijyb but do no damage. Your grab misses Ijyb.
Your cerulean imp hits Ijyb but does no damage.
Ijyb closely misses you.
You barely miss Ijyb. Your grab misses Ijyb. You squeeze Ijyb!
Ijyb is moderately wounded.
Your cerulean imp hits Ijyb but does no damage.
Ijyb hits you with a +0 club!
You barely miss Ijyb. Your grab misses Ijyb.
Ijyb is moderately wounded.
Your cerulean imp barely misses Ijyb.
Ijyb closely misses you.
You closely miss Ijyb. Your grab misses Ijyb.
Ijyb is moderately wounded.
Your cerulean imp misses Ijyb.
Ijyb zaps a wand.
The puff of flame hits you.
You hit Ijyb but do no damage. You grab Ijyb. You squeeze Ijyb.
Ijyb is heavily wounded.
You constrict Ijyb, but do no damage.
Your cerulean imp hits Ijyb but does no damage.
Ijyb misses you.
You hit Ijyb but do no damage.
Ijyb is heavily wounded.
You constrict Ijyb, but do no damage.
Your cerulean imp hits Ijyb from afar with a -4 spear.
Ijyb closely misses you.
You hit Ijyb.
Ijyb is severely wounded.
You constrict Ijyb, but do no damage.
Your cerulean imp hits Ijyb from afar with a -4 spear.
Ijyb zaps a wand.
The puff of flame hits you!
* * * LOW HITPOINT WARNING * * *
You are too injured to fight recklessly!
You are too injured to fight recklessly!
You are too injured to fight recklessly!
You hit Ijyb.
Ijyb is almost dead.
You constrict Ijyb.
Your cerulean imp hits Ijyb but does no damage.
Ijyb hits you with a +0 club.
You die...

#.. #.. #.# #.# #.# #.#
##.## #.# ##...## #.#
##.#######.....######.#
#.....g@5.....#...>##.#
#...#####..#.###......#
# ....###..#..#.##.####
#..........###.#
#####.†#.### #.#
.#######..#.#####.#
..................#
########.##.###.###
#.##.# #.#


You could see Ijyb (ally target) and a friendly cerulean imp (summoned).

Vanquished Creatures
  5 adders
  4 dart slugs
  8 bats
  3 endoplasms (D:2)
  A giant cockroach (D:1)
  3 goblins
  2 jackals (D:2)
  3 quokkas
  8 ball pythons
  2 frilled lizards
  A kobold (D:2)
  3 rats (D:2)
43 creatures vanquished.

Notes
Turn   | Place    | Note
-------+----------+-------------------------------------------
     0 | D:1      | javelincjr the Octopode Hedge Wizard began the quest for
                  | the Orb.
     0 | D:1      | Reached XP level 1. HP: 11/11 MP: 4/4
   210 | D:1      | Reached XP level 2. HP: 17/17 MP: 3/6
   323 | D:1      | Found a faded altar of an unknown god.
   561 | D:1      | You are sucked into a shaft and drop 1 floor!
   924 | D:2      | Reached XP level 3. HP: 20/21 MP: 1/7
   927 | D:2      | Learned a level 2 spell: Blink
   930 | D:2      | Learned a level 2 spell: Call Imp
  1430 | D:2      | Reached XP level 4. HP: 27/27 MP: 6/8
  2268 | D:3      | Noticed Ijyb
  2282 | D:3      | Slain by Ijyb

Illustrated notes

Levels and vault maps discovered:
D:1:      mrwooster_arrival_arrow, layout_rooms, shapermc_ecumenical_altar_venn
D:2:      layout_basic, minmay_tetromino_i2
D:3:      layout_loops_corners, nicolae_overflow_crystal_walls,
          mainiacjoe_overflow_24_doors, hex_medium, nicolae_titane, uniq_robin,
          uniq_ijyb

Skill      XL: |  1  2  3  4 |
---------------+-------------+-----
Stealth        | 3 |  3.6
Conjurations   | 2 |  2.0
Dodging        | |  2.6
Spellcasting   | |  3.3
Summonings     | |  1.9
Translocations | |  1.7

Action                     |  1- 3 |  4- 6 || total
---------------------------+-------+-------++-------
  Melee: Dagger            |    21 |    24 ||    45
         Constrict         |     5 |     4 ||     9
         Tentacles         |     3 |     4 ||     7
   Cast: Magic Dart        |    81 |    24 ||   105
         Call Imp          |       |     5 ||     5
 Armour: Skin              |     4 |       ||     4
  Dodge: Dodged            |    19 |    15 ||    34

Table legend: (Time is in decaauts)
 A = Elapsed time spent in this place.
 B = Non-inter-level travel time spent in this place.
 C = Inter-level travel time spent in this place.
 D = Time resting spent in this place.
 E = Time spent auto-exploring this place.
 F = Levels seen in this place.
 G = Mean time per level.
                   A        B        C        D        E       F      G
               +--------+--------+--------+--------+--------+-----+--------+
         Total |   2282 |   2241 |     41 |     96 |   1848 |   3 |  760.7 |
       Dungeon |   2282 |   2241 |     41 |     96 |   1848 |   3 |  760.7 |
               +--------+--------+--------+--------+--------+-----+--------+

Top non-repeatable levels by time:
     D:2: 1128 daAuts
     D:1: 868 daAuts
     D:3: 285 daAuts
